 Dungeon Crawl Stone Soup version 0.30-a0-29-g142975f185 (webtiles) character file.

Game seed: 18052775899201536007

2122 drugrobin the Slicer (level 8, -6/67 HPs)
             Began as a Demigod Delver on Aug 27, 2022.
             Mangled by a two-headed ogre
             ... wielding a +0 giant club
              (18 damage)
             ... on level 10 of the Dungeon.
             The game lasted 00:25:50 (9684 turns).

drugrobin the Slicer (Demigod Delver)               Turns: 9684, Time: 00:25:51

Health: -6/67      AC:  4    Str: 13    XL:     8   Next: 81%
Magic:  10/10      EV: 13    Int: 16    God:
Gold:   414        SH:  4    Dex: 19    Spells: 7/7 levels left

rFire   x . .      SeeInvis .    a - +1 rapier (elec)
rCold   + . .      Faith    .    y - +0 buckler
rNeg    . . .      Spirit   .    f - +1 leather armour
rPois   .          Reflect  .    (no helmet)
rElec   .          Harm     .    (no cloak)
rCorr   .          Rampage  .    (no gloves)
Will    .....                    (no boots)
Stlth   +++.......               (no amulet)
HPRegen 0.21/turn                z - ring of flight
MPRegen 0.12/turn                h - ring of ice

@: flying
A: high MP 1, forlorn, divine attributes
a: no special abilities


You were on level 10 of the Dungeon.
You visited 1 branch of the dungeon, and saw 9 of its levels.

You collected 495 gold pieces.
You spent 81 gold pieces at shops.

Inventory:

Hand Weapons
 a - a +1 rapier of electrocution (weapon)
 b - a +0 sling
 c - a +0 long sword
 G - a +0 short sword
 J - a +0 hand axe of venom
Missiles
 C - 3 javelins (quivered)
Armour
 f - a +1 leather armour (worn)
 y - a +0 buckler (worn)
Magical Staves
 F - a staff of death
 K - a staff of poison
Jewellery
 h - a ring of ice (right hand)
 p - a ring of ice
 s - a ring of poison resistance
 t - a +6 ring of intelligence
 z - a ring of flight (left hand)
 B - a ring of magical power
Wands
 g - a wand of digging (1)
 H - a wand of roots (8)
Scrolls
 e - 9 scrolls of identify {unknown}
 j - 3 scrolls of immolation {unknown}
 k - 2 scrolls of blinking {unknown}
 m - a scroll of noise {unknown}
 n - 3 scrolls of teleportation
 u - 2 scrolls of poison {unknown}
 v - a scroll of vulnerability {unknown}
 w - a scroll of brand weapon {unknown}
 x - 2 scrolls of silence {unknown}
 A - a scroll of fog
 D - 2 scrolls of amnesia {unknown}
 E - a scroll of acquirement {unknown}
Potions
 d - a potion of brilliance {unknown}
 i - a potion of heal wounds
 l - 3 potions of curing
 o - 2 potions of degeneration {unknown}
 q - a potion of invisibility {unknown}
 r - 4 potions of lignification {unknown}
 I - a potion of mutation {unknown}
 L - a potion of cancellation {unknown}


   Skills:
 + Level 4.4 Fighting
 - Level 10.0 Short Blades
 + Level 3.9 Dodging
 - Level 4.5 Stealth


You had 7 spell levels left.
You didn't know any spells.
Your spell library contained the following spells:

 Spells                   Type           Power      Damage    Failure   Level
 Static Discharge         Conj/Air       0%         3-3/arc   56%         2
 Lightning Bolt           Conj/Air       0%         1d11      100%        5
 Maxwell's Capacitive Co  Air            0%         ∞         100%        8


Dungeon Overview and Level Annotations

Branches:
Dungeon (8/15)             Temple (0/1) D:7
   Lair: D:8-11

Shops:
D:3 *   D:4 *

Annotations:
D:2 Sigmund
D:4 Menkaure
D:8 Grum


Innate Abilities, Weirdness & Mutations

You have an increased reservoir of magic. (+10% MP)
You shall have no god before yourself.
Your divine heritage dramatically boosts your attributes as you level up.


Message History

The sling bullet hits the two-headed ogre.
The two-headed ogre is lightly wounded.
Unknown command.
Unknown command.
Fire: b) +0 sling
Press: ? - help, Q - select action, (/) - cycle Shift-Dir - straight line, f/p - two-headed ogre
Aim: a two-headed ogre, wielding a +0 giant club and a +0 giant spiked club (lightly wounded, 75% to hit)
You shoot a sling bullet.
The sling bullet hits the two-headed ogre.
The two-headed ogre is lightly wounded.
Unknown command.
Aiming: Fastroot
Press: ? - help, Shift-Dir - straight line, f/p - two-headed ogre
Aim: a two-headed ogre, wielding a +0 giant club and a +0 giant spiked club (lightly wounded)
The roots erupt in riotous growth!
Roots grab the two-headed ogre.
The grasping roots constrict the two-headed ogre.
The two-headed ogre struggles to escape constriction.
Unknown command.
Unknown command.
Fire: b) +0 sling
Press: ? - help, Q - select action, (/) - cycle Shift-Dir - straight line, f/p - two-headed ogre
Aim: a two-headed ogre, wielding a +0 giant club and a +0 giant spiked club (moderately wounded, constricted by roots, 93% to hit)
You shoot a sling bullet.
The sling bullet hits the two-headed ogre.
The two-headed ogre is moderately wounded.
The grasping roots constrict the two-headed ogre!
The roots release their grip on the two-headed ogre.
Unknown command.
The two-headed ogre attacks as you move away!
The two-headed ogre hits you with a +0 giant club!
The two-headed ogre hits you with a +0 giant spiked club!
You hear the crackle of electricity.
a - a +1 rapier of electrocution (weapon)
You hit the two-headed ogre.
The two-headed ogre is heavily wounded.
The two-headed ogre hits you with a +0 giant club!!
* * * LOW HITPOINT WARNING * * *
The two-headed ogre hits you with a +0 giant spiked club!!
You die...

############## ####
.............#....#
.......O@....#....#
##...##'#....#....#
#......###'##....#
#......#.........#
#####..#.........#
+..#.........#
####.))......#
#.)#'##...#
#..#..#...#


You could see a two-headed ogre.

Vanquished Creatures
  A water moccasin (D:6)
  4 ice beasts
  A sky beast (D:7)
  An orc warrior (D:6)
  A black bear (D:4)
  A centaur (D:7)
  2 ogres
  A wolf (D:7)
  Blork the orc (D:5)
  A bullfrog (D:7)
  3 scorpions
  6 hounds
  2 orc priests (D:6)
  Jessica (D:2)
  5 iguanas
  5 orc wizards
  7 adders
  6 gnolls
  2 white imps
  A worm (D:3)
  2 dart slugs
  23 orcs
  6 endoplasms
  2 giant cockroaches
  12 goblins
  9 hobgoblins
  A quokka (D:4)
  3 ball pythons
  3 bats
  2 frilled lizards
  6 kobolds
  8 rats
129 creatures vanquished.

Vanquished Creatures (others)
  3 demonic plants (D:3)
  18 fungi (D:3)
  2 plants (D:3)
  A withered plant (D:3)
24 creatures vanquished.

Grand Total: 153 creatures vanquished

Notes
Turn   | Place    | Note
-------+----------+-------------------------------------------
     0 | D:5      | drugrobin the Demigod Delver began the quest for the Orb.
     0 | D:5      | Reached XP level 1. HP: 18/18 MP: 3/3
    23 | D:5      | Noticed Blork the orc
    69 | D:5      | Noticed a hound
    69 | D:5      | Noticed a scorpion
    74 | D:5      | Noticed an iguana
    88 | D:5      | Noticed an ice beast
   105 | D:5      | Noticed a scorpion
   124 | D:5      | Noticed an ice beast
   134 | D:4      | Noticed a black bear
   134 | D:4      | Noticed a hound
   155 | D:4      | Noticed Menkaure
   241 | D:4      | Reached skill level 2 in Short Blades
   425 | D:4      | Noticed a hound
   737 | D:2      | Reached XP level 2. HP: 25/25 MP: 4/4
   754 | D:2      | Noticed Jessica
   767 | D:2      | Killed Jessica
   768 | D:2      | Reached skill level 3 in Short Blades
   768 | D:2      | Reached XP level 3. HP: 30/30 MP: 5/5
   896 | D:2      | Noticed Sigmund
  1827 | D:2      | Reached skill level 4 in Short Blades
  1961 | D:2      | Reached XP level 4. HP: 37/37 MP: 6/6
  2409 | D:3      | Found Olinef's Assorted Antiques.
  2421 | D:3      | Bought a sedimented yellow potion for 20 gold pieces
  2928 | D:4      | Reached skill level 5 in Short Blades
  2928 | D:4      | Reached XP level 5. HP: 34/42 MP: 7/7
  2973 | D:4      | Found Paobb's Assorted Antiques.
  3796 | D:4      | Bought 2 black potions for 61 gold pieces
  3819 | D:4      | HP: 2/42 [white imp/puff of frost (10)]
  4155 | D:5      | Reached skill level 6 in Short Blades
  4155 | D:5      | Reached XP level 6. HP: 29/50 MP: 8/8
  4345 | D:5      | Reached skill level 7 in Short Blades
  4741 | D:5      | Reached XP level 7. HP: 45/56 MP: 9/9
  5218 | D:5      | Identified the +2 flail "Falaet" {vorpal, rF+ Will+ Str-3
                  | Int+4}
  5585 | D:6      | Reached skill level 8 in Short Blades
  7291 | D:7      | Found a staircase to the Ecumenical Temple.
  7336 | D:7      | Reached skill level 9 in Short Blades
  7491 | D:7      | Reached XP level 8. HP: 62/62 MP: 10/10
  7829 | D:7      | Reached skill level 10 in Short Blades
  8746 | D:5      | Killed Blork the orc
  9291 | D:8      | Noticed Grum
  9632 | D:8      | You are sucked into a shaft and drop 2 floors!
  9632 | D:10     | Entered Level 10 of the Dungeon
  9668 | D:10     | Noticed a two-headed ogre
  9684 | D:10     | Mangled by a two-headed ogre

Illustrated notes

Levels and vault maps discovered:
D:1:      dpeg_arrival_leaves_temple_mockup, layout_basic, minmay_crystal_water,
          minmay_misc_feat_secret_circle
D:2:      layout_basic, uniq_sigmund, uniq_jessica
D:3:      layout_rooms, mainiacjoe_overflow_chevrons, serial_shops, shop,
          shapermc_ecumenical_altar_gd
D:4:      layout_rooms, chequers_temple_overflow_minitemple, serial_shops,
          nicolae_shop_behind_doors, minmay_between, uniq_menkaure
D:5:      layout_rooms, st_stairs_14, uniq_blork_the_orc
D:6:      layout_basic, roderic_serpentine_path, dreamdust_wishing_well
D:7:      nicolae_cairo_tiling_large_dashed, layout_basic,
          minmay_temple_entry_offerings
D:8:      layout_gridville, kennysheep_big_empty_room, uniq_grum, uniq_erica
D:10:     layout_grid_maze, minitemple

Skill      XL: |  1  2  3  4  5  6  7  8 |
---------------+-------------------------+-----
Short Blades   | 2 3 4 5 6 7 9 10 | 10.0
Dodging        | 3 |  3.9
Fighting       | 4 |  4.4
Stealth        | |  4.5

Action                   |  1- 3 |  4- 6 |  7- 9 || total
-------------------------+-------+-------+-------++-------
Melee: Short sword       |    66 |   174 |   116 ||   356
       Long sword        |       |    33 |    26 ||    59
       Rapier            |       |       |   122 ||   122
       Hand axe          |       |       |     2 ||     2
 Fire: Sling             |    35 |    42 |    30 ||   107
Throw: Javelin           |       |     9 |    17 ||    26
Evoke: Wand              |     2 |       |     1 ||     3
  Use: Scroll            |     4 |       |       ||     4
       Potion            |     2 |     2 |     2 ||     6
 Stab: Sleeping          |     8 |     2 |     6 ||    16
       Distracted        |       |     1 |       ||     1
Armor: Leather armour    |    17 |    46 |    32 ||    95
Dodge: Dodged            |    42 |    87 |    97 ||   226
Block: Buckler           |       |    18 |    39 ||    57

Table legend: (Time is in decaauts)
 A = Elapsed time spent in this place.
 B = Non-inter-level travel time spent in this place.
 C = Inter-level travel time spent in this place.
 D = Time resting spent in this place.
 E = Time spent auto-exploring this place.
 F = Levels seen in this place.
 G = Mean time per level.
                   A        B        C        D        E       F      G
               +--------+--------+--------+--------+--------+-----+--------+
         Total |   9602 |   8942 |    660 |   3031 |   3281 |   9 | 1066.9 |
       Dungeon |   9602 |   8942 |    660 |   3031 |   3281 |   9 | 1066.9 |
               +--------+--------+--------+--------+--------+-----+--------+

Top non-repeatable levels by time:
     D:5: 1901 daAuts
     D:6: 1737 daAuts
     D:7: 1567 daAuts
     D:4: 1502 daAuts
     D:2: 1194 daAuts
     D:3: 956 daAuts
     D:1: 659 daAuts
    D:10: 51 daAuts
     D:8: 32 daAuts
